 Dungeon Crawl Stone Soup version bcrawl-1.18.1 (webtiles) character file.

Game seed: 8259710005264766995

358 Freyura the Covered (level 6, -2/57 HPs)
             Began as a Deep Dwarf Fighter on Nov 10, 2019.
             Was a Priest of Elyvilon.
             Succumbed to a hornet's poison
             ... on level 4 of the Dungeon.
             The game lasted 00:10:03 (2804 turns).

Freyura the Covered (Deep Dwarf Fighter)            Turns: 2804, Time: 00:10:04

Health: -2/57      AC:  9    Str: 20    XL:     6   Next: 37%
Magic:  8/8        EV:  9    Int:  8    God:    Elyvilon [***...]
Gold:   257        SH: 11    Dex: 14    Spells: 5/5 levels left

rFire    x . .     SeeInvis .   a - +0 long sword
rCold    + . .     Gourm    .   c - +0 shield
rNeg     . . .     Faith    +   b - +0 scale mail
rPois    .         Spirit   .   (no helmet)
rElec    .         Reflect  .   (no cloak)
rCorr    .         Harm     .   i - +1 pair of gloves
MR       .....                  (no boots)
Stlth    ..........             n - amulet of faith
HPRegen  0.00/turn              o - ring of ice
MPRegen  0.11/turn              (no ring)

@: lethally poisoned (-2 -> -15), non-regenerating
A: damage resistance, sense surroundings 1, no regeneration
a: Lesser Healing, Heal Other, Purification, Divine Protection, Renounce
Religion


You were on level 4 of the Dungeon.
You worshipped Elyvilon.
Elyvilon was most pleased with you.
You were not hungry.

You visited 1 branch of the dungeon, and saw 4 of its levels.

You collected 257 gold pieces.

Inventory:

Hand Weapons
 a - a +0 long sword (weapon)
Missiles
 l - a throwing net (quivered) {!f}
Armour
 b - a +0 scale mail (worn)
 c - a +0 shield (worn)
 i - a +1 pair of gloves (worn)
Jewellery
 n - an amulet of faith (around neck)
 o - a ring of ice (left hand)
Scrolls
 e - 2 scrolls of teleportation
 g - 2 scrolls of amnesia
 h - 3 scrolls of identify
 j - 2 scrolls of remove curse
 p - a scroll of blinking
 r - a scroll of fog {unknown}
Potions
 d - a potion of might
 k - 3 potions of cancellation
 m - a potion of lignification {unknown}
 s - a potion of ambrosia {unknown}
Comestibles
 f - 11 rations {!d}


   Skills:
 + Level 4.0 Fighting
 + Level 3.2 Long Blades
 + Level 4.5 Armour
 + Level 2.5 Dodging
 + Level 4.4 Shields
 + Level 3.1 Invocations


You had 5 spell levels left.
You didn't know any spells.
Your spell library was empty.

Dungeon Overview and Level Annotations

Branches:
Dungeon (4/12)
 Temple: D:4-7

Altars:
Ashenzari
Lugonu
Makhleb
Nemelex Xobeh
Vehumet
Xom


Innate Abilities, Weirdness & Mutations

You are resistant to damage.
You passively map a small area around you.
You do not regenerate.


Message History

You feel yourself speed up. You block the hornet's attack.
The hornet stings you.
* * * LOW HITPOINT WARNING * * *
You feel yourself slow down. The hornet closely misses you.
Your shield and scale mail prevent you from hitting the hornet.
The hornet is moderately wounded.
You block the hornet's attack. The hornet stings you.
You are lethally poisoned!
You feel as though you will be slow longer.
You block the hornet's attack.
You closely miss the hornet.
The hornet is moderately wounded.
Elyvilon protects you from harm! You block the hornet's attack.
The hornet stings you.
* * * LOW HITPOINT WARNING * * *
You are lethally poisoned!
You barely miss the hornet.
The hornet is moderately wounded.
You feel yourself speed up.
You die...

..##...######### ,
..##.##........#
..##.##.######.###
*
###....)##.......#
*
.♣#.######.##..#.#
, ..#.# #..#.##.#
, ..'.# ##.#....#
, .♣###
#.#######.## ♣♣
#.....@y5..# #
############


You could see a hornet and a crimson imp.

Vanquished Creatures
  An ogre (D:4)
  A hound (D:4)
  An orc priest (D:3)
  Jessica (D:2)
  An iguana (D:4)
  A worker ant (D:4)
  An orc wizard (D:4)
  2 adders
  An ooze (D:2)
  A worm (D:3)
  2 dart slugs
  5 leopard geckos
  8 orcs
  5 bats
  3 giant cockroaches (D:2)
  7 goblins
  8 hobgoblins
  8 jackals (D:1)
  A quokka (D:2)
  2 ball pythons
  A frilled lizard (D:1)
  12 kobolds
  2 rats (D:1)
75 creatures vanquished.

Notes
Turn   | Place    | Note
-------+----------+-------------------------------------------
     0 | D:1      | Freyura the Deep Dwarf Fighter began the quest for the Orb.
     0 | D:1      | Reached XP level 1. HP: 21/21 MP: 1/1
    67 | D:1      | Reached XP level 2. HP: 28/28 MP: 2/2
   224 | D:1      | Reached skill level 1 in Dodging
   330 | D:1      | Reached ** piety under Elyvilon
   387 | D:1      | Reached XP level 3. HP: 21/34 MP: 3/3
   607 | D:2      | Noticed Jessica
   620 | D:2      | Killed Jessica
   620 | D:2      | Reached skill level 1 in Invocations
   620 | D:2      | Reached XP level 4. HP: 23/42 MP: 4/4
  1382 | D:3      | Found a shimmering altar of Xom.
  1430 | D:3      | Reached XP level 5. HP: 38/49 MP: 6/6
  1486 | D:3      | Found a faded altar of an unknown god.
  1510 | D:3      | Found a radiant altar of Vehumet.
  1531 | D:3      | Found a sparkling altar of Nemelex Xobeh.
  1533 | D:3      | Found a burning altar of Makhleb.
  1620 | D:3      | Found a shattered altar of Ashenzari.
  1893 | D:3      | Reached *** piety under Elyvilon
  2182 | D:3      | Found a corrupted altar of Lugonu.
  2222 | D:4      | Noticed an ogre
  2227 | D:4      | Killed an ogre
  2374 | D:4      | Reached XP level 6. HP: 48/57 MP: 3/8
  2787 | D:4      | Noticed a hornet
  2803 | D:4      | Elyvilon protects you from harm!
  2803 | D:4      | HP: 2/57 [hornet (1)]
  2804 | D:4      | Succumbed to a hornet's poison

Skill      XL: |  1  2  3  4  5  6 |
---------------+-------------------+-----
Dodging        | 1 2 |  2.5
Invocations    | 1 2 3 |  3.1
Armour         | 4 |  4.5
Shields        | 4 |  4.4
Long Blades    | 3 |  3.2
Fighting       | 4 |  4.0

Action                   |  1- 3 |  4- 6 || total
-------------------------+-------+-------++-------
Melee: Long sword        |   128 |   171 ||   299
Invok: Lesser Healing    |       |     7 ||     7
  Use: Scroll            |       |     9 ||     9
  Eat: Chunk             |       |     8 ||     8
Armor: Scale mail        |    57 |    69 ||   126
Dodge: Dodged            |    48 |    62 ||   110
Block: Shield            |    93 |   101 ||   194
